 Dungeon Crawl Stone Soup version 0.26-a0-1132-ge9770dfcb6 (webtiles) character file.

Game seed: 1535201297950706349

62 night the Conjurer (level 3, 0/24 HPs)
             Began as a Demonspawn Conjurer on Dec 20, 2020.
             Was an Initiate of Gozag.
             Killed by nerve-wracking pain
             ... invoked by an orc priest
              (11 damage)
             ... on level 2 of the Dungeon.
             The game lasted 00:03:30 (2003 turns).

night the Conjurer (Demonspawn Conjurer)            Turns: 2003, Time: 00:03:31

Health: 0/24       AC:  3    Str:  7    XL:     3   Next: 85%
Magic:  7/7        EV: 12    Int: 20    God:    Gozag
Gold:   51         SH:  0    Dex: 11    Spells: 5/8 levels left

rFire    . . .     SeeInvis .   g - +0 dagger
rCold    . . .     Faith    .   (no shield)
rNeg     . . .     Spirit   .   a - +1 robe
rPois    .         Reflect  .   (helmet restricted)
rElec    .         Harm     .   (no cloak)
rCorr    .         Rampage  .   (no gloves)
Will     .....                  (no boots)
Stlth    ++........             (no amulet)
HPRegen  0.08/turn              (no ring)
MPRegen  0.10/turn              (no ring)

@: lethally poisoned (0 -> -4), about to teleport
A: antennae 1
a: Renounce Religion, Potion Petition, Call Merchant, Bribe Branch


You were on level 2 of the Dungeon.
You worshipped Gozag.
Gozag was noncommittal.
You visited 1 branch of the dungeon, and saw 2 of its levels.

You collected 67 gold pieces.
You paid 16 gold pieces to Gozag.

Inventory:

Hand Weapons
 g - a +0 dagger (weapon)
Missiles
 c - 57 stones
 n - 4 curare-tipped darts
Armour
 a - a +1 robe (worn)
Jewellery
 f - a cursed amulet of inaccuracy {unknown}
 l - an uncursed amulet of guardian spirit {unknown}
 o - an uncursed ring of protection from cold
Scrolls
 h - 2 scrolls of identify
Potions
 d - a potion of mutation {unknown}
 m - a potion of might {unknown}


   Skills:
 - Level 1.7 Dodging
 - Level 1.7 Stealth
 + Level 3.1 Spellcasting
 + Level 4.8 Conjurations


You had 5 spell levels left.
You knew the following spells:

 Your Spells              Type           Power        Failure   Level
a - Magic Dart            Conj           88%          1%          1
b - Searing Ray           Conj           44%          3%          2

Your spell library contained the following spells:

 Spells                   Type           Power        Failure   Level
 Dazzling Flash           Conj/Hex       24%          16%         3
 Fulminant Prism          Conj/Hex       6%           45%         4
 Iskenderun's Mystic Bla  Conj/Tloc      12%          45%         4


Dungeon Overview and Level Annotations

Branches:
Dungeon (2/15)

Altars:
Gozag


Innate Abilities, Weirdness & Mutations

You have a pair of small antennae on your head.


Message History

You experience a momentary feeling of inescapable doom!
It was a scroll of random uselessness.
You feel sick. The adder closely misses you. The bat hits you.
The kobold barely misses you.
As you read the scroll labelled WEPTOT XUSHRU, it crumbles to dust.
You assume a fearsome visage.
The adder looks frightened!
The bat looks frightened!
The orc looks frightened!
The kobold looks frightened! x2; It was a scroll of fear.
You feel sick.
The kobold prays for help.
As you read the scroll labelled GIUTEI ASOW, it crumbles to dust.
It is a scroll of enchant armour.
Your +0 robe glows green for a moment.
As you read the scroll labelled VADIHA QEXKUECINK, it crumbles to dust.
You feel strangely unstable.
It was a scroll of teleportation.
The kobold looks petrified.
Cornered, the bat turns to fight!
You feel sick.
The orc priest invokes the aid of Beogh against you.
Pain shoots through your body!
You die...
Your body crumbles into a pile of gold.

..
.................##..##
.................##.(.#
...#######......#.o...
.. #...........#.....
#.....o######.....
#..........o.###.. .
#####........# ###
....#######........#
.......@..#........#
........o.#.........#
....K.....oo........#
....................#
..###......b..(##.... $
. ............# ...
....!........# ..
....#####o..K# ....
#....#


You could see an orc priest, an orc wizard, 2 orcs, a bat and 2 kobolds.

Vanquished Creatures
  An adder (D:2)
  An ooze (D:2)
  3 dart slugs
  A leopard gecko (D:1)
  An orc (D:2)
  4 bats
  8 goblins
  7 hobgoblins
  4 frilled lizards (D:1)
  5 kobolds
  5 rats
40 creatures vanquished.

Notes
Turn   | Place    | Note
-------+----------+-------------------------------------------
     0 | D:1      | night the Demonspawn Conjurer began the quest for the Orb.
     0 | D:1      | Reached XP level 1. HP: 13/13 MP: 3/3
   444 | D:1      | Gained mutation: You have a pair of small antennae on your
                  | head. [demonic ancestry]
   444 | D:1      | Reached XP level 2. HP: 19/19 MP: 3/5
   447 | D:1      | Learned a level 2 spell: Searing Ray
   960 | D:1      | Reached XP level 3. HP: 22/24 MP: 2/7
  1843 | D:2      | Found an opulent altar of Gozag.
  1850 | D:2      | Became a worshipper of Gozag Ym Sagoz the Greedy
  2003 | D:2      | Killed from afar by an orc priest

Illustrated notes

Levels and vault maps discovered:
D:1:      dpeg_arrival_solitude, layout_basic, columned_hall_lemuel
D:2:      layout_basic, lemuel_round_altar, xom_redecorated,
          kennysheep_generic_room_10

Skill      XL: |  1  2  3 |
---------------+----------+-----
Spellcasting   | 3 |  3.1
Dodging        | |  1.7
Stealth        | |  1.7
Conjurations   | |  4.8

Action                   || total
-------------------------++-------
Melee: Unarmed           ||     9
       Dagger            ||    10
 Cast: Magic Dart        ||    86
  Use: Scroll            ||     5
       Potion            ||     1
Armor: Robe              ||    13
Dodge: Dodged            ||    50

Table legend: (Time is in decaauts)
 A = Elapsed time spent in this place.
 B = Non-inter-level travel time spent in this place.
 C = Inter-level travel time spent in this place.
 D = Time resting spent in this place.
 E = Time spent auto-exploring this place.
 F = Levels seen in this place.
 G = Mean time per level.
                   A        B        C        D        E       F      G
               +--------+--------+--------+--------+--------+-----+--------+
         Total |   2002 |   1986 |     16 |    509 |   1215 |   2 | 1001.0 |
       Dungeon |   2002 |   1986 |     16 |    509 |   1215 |   2 | 1001.0 |
               +--------+--------+--------+--------+--------+-----+--------+

Top non-repeatable levels by time:
     D:1: 1425 daAuts
     D:2: 576 daAuts
